 Dungeon Crawl Stone Soup version 0.16.1-16-gc44b35d (webtiles) character file.

170 frag the Skirmisher (level 5, -9/52 HPs)
             Began as a Hill Orc Berserker on Apr 17, 2015.
             Was a Believer of Trog.
             Mangled by an ogre
             ... wielding a +0 giant spiked club
              (23 damage)
             ... on level 4 of the Dungeon.
             The game lasted 00:11:34 (2396 turns).

frag the Skirmisher (Hill Orc Berserker)            Turns: 2396, Time: 00:11:34

Health: -9/52      AC:  9    Str: 21    XL:     5   Next: 51%
Magic:  5/5        EV:  8    Int: 10    God:    Trog [**....]
Gold:   179        SH:  0    Dex: 10    Spells: 0 memorised, 4 levels left

rFire  . . .     SeeInvis +     a - +0 falchion
rCold  . . .     Clarity  .     g - +0 chain mail
rNeg   . . .     SustAb   .     (no shield)
rPois  .         Gourm    .     (no helmet)
rElec  .         Spirit   .     (no cloak)
rCorr  .         Warding  .     (no gloves)
rMut   .         Stasis   .     (no boots)
MR     .....                    (no amulet)
Stlth  ..........               (no ring)
                                n - +3 ring of intelligence

@: not resistant to hostile enchantments, extremely unstealthy
A: see invisible, robust 1, spit poison 1
a: Spit Poison, Burn Spellbooks, Berserk, Trog's Hand, Renounce Religion


You were on level 4 of the Dungeon.
You worshipped Trog.
Trog was pleased with you.
You were not hungry.

You visited 1 branch of the dungeon, and saw 4 of its levels.

You collected 179 gold pieces.

Inventory:

Hand weapons
 a - a +0 falchion (weapon)
 f - a +0 rapier of speed
 h - a +1 hand axe of freezing
Armour
 b - a +0 animal skin
 d - a +0 ring mail
 g - a +0 chain mail (worn)
Jewellery
 n - a +3 ring of intelligence (left hand)
Scrolls
 k - 2 scrolls of remove curse
 l - a scroll of magic mapping
Potions
 e - a potion of ambrosia {unknown}
 j - a potion of curing
 m - a potion of heal wounds {unknown}
Comestibles
 c - 2 meat rations


   Skills:
 + Level 5.1 Fighting
 + Level 4.0 Long Blades
 + Level 1.3 Axes
 + Level 3.7 Armour
 + Level 2.1 Dodging
 + Level 0.1 Stealth


You had 4 spell levels left.
You didn't know any spells.

Dungeon Overview and Level Annotations

Branches:
Dungeon (4/15)
 Temple: D:4-7

Altars:

Annotations:
D:4 Ijyb


Innate Abilities, Weirdness & Mutations

You have supernaturally acute eyesight.
You are robust (+10% HP).
You can spit poison.


Message History

Things that are here:
a club; an iguana corpse You hit the ogre but do no damage.
You hit the ogre.
The ogre is lightly wounded.
The ogre barely misses you.
You hit the ogre.
The ogre is lightly wounded.
Wield which item (- for none, * to show all)? (? for menu, Esc to quit)
a - a +0 falchion (weapon)
The ogre closely misses you.
You hit the ogre.
The ogre is moderately wounded.
You hit the ogre.
The ogre is moderately wounded.
The ogre closely misses you.
You hit the ogre.
The ogre is heavily wounded.
The ogre hits you with a giant spiked club!!
You die...

.. #).. ##### ...?.
.... ......
####..#####......
.....##..........
###..............
##.##...#.†....#
#......@O.#....#
g....[..#####...#####..
#...... #.....^...#
..####. ###.....##### .
#. #....##..#
......##.# #.... .##..#
#.# ##.. .
##.###.#####....
##..............


You could see an ogre.

Vanquished Creatures
  An orc priest (D:3)
  An iguana (D:4)
  3 adders
  5 worms
  2 oozes (D:1)
  2 orcs (D:3)
  A giant cockroach (D:2)
  10 hobgoblins
  3 jackals (D:3)
  7 bats
  3 giant geckos
  5 giant newts
  6 goblins
  6 kobolds
  3 quokkas
  5 rats
63 creatures vanquished.

Notes
Turn   | Place    | Note
--------------------------------------------------------------
     0 | D:1      | frag, the Hill Orc Berserker, began the quest for the Orb.
     0 | D:1      | Reached XP level 1. HP: 19/19 MP: 1/1
   251 | D:1      | Reached XP level 2. HP: 20/27 MP: 2/2
   346 | D:1      | Reached skill level 4 in Fighting
   784 | D:2      | Reached XP level 3. HP: 26/34 MP: 3/3
   838 | D:2      | Gained mutation: You can spit poison. [potion of mutation]
   838 | D:2      | Gained mutation: You have supernaturally acute eyesight. [potion of mutation]
   838 | D:2      | Gained mutation: You are robust (+10% HP). [potion of mutation]
  1033 | D:2      | Acquired Trog's second power
  1173 | D:2      | Reached XP level 4. HP: 28/45 MP: 4/4
  1650 | D:3      | Reached skill level 5 in Fighting
  1650 | D:3      | Reached XP level 5. HP: 44/52 MP: 5/5
  2370 | D:4      | Noticed an ogre
  2371 | D:4      | Noticed Ijyb
  2384 | D:4      | Reached skill level 1 in Axes
  2396 | D:4      | Mangled by an ogre

Action                   |  1- 3 |  4- 6 || total
-------------------------+-------+-------++-------
Melee: Falchion          |   132 |    52 ||   184
       Hand axe          |       |    77 ||    77
       Rapier            |       |    18 ||    18
  Use: Scroll            |     4 |     3 ||     7
       Potion            |     5 |       ||     5
  Eat: Chunk             |       |     3 ||     3
       Royal jelly       |       |     1 ||     1
